 Dungeon Crawl Stone Soup version 0.24-a0-250-g6074511 (webtiles) character file.

Game seed: 673236729594899478

8 MatthieuS the Chiller (level 2, -2/19 HPs)
             Began as a Human Ice Elementalist on Apr 15, 2019.
             Slain by a kobold
             ... wielding a +0 short sword
              (4 damage)
             ... on level 1 of the Dungeon.
             The game lasted 00:00:43 (103 turns).

MatthieuS the Chiller (Human Ice Elementalist)       Turns: 103, Time: 00:00:44

Health: -2/19      AC:  2    Str:  8    XL:     2   Next: 15%
Magic:  0/5        EV: 12    Int: 15    God:
Gold:   0          SH:  0    Dex: 13    Spells: 4/5 levels left

rFire    . . .     SeeInvis .   (no weapon)
rCold    . . .     Gourm    .   (no shield)
rNeg     . . .     Faith    .   a - +0 robe
rPois    .         Spirit   .   (no helmet)
rElec    .         Reflect  .   (no cloak)
rCorr    .         Harm     .   (no gloves)
MR       .....                  (no boots)
Stlth    ++........             (no amulet)
HPRegen  0.06/turn              (no ring)
MPRegen  0.09/turn              (no ring)

@: no status effects
A: no striking features
a: no special abilities


You were on level 1 of the Dungeon.
You were not hungry.

You visited 1 branch of the dungeon, and saw 1 of its levels.

Inventory:

Armour
 a - a +0 robe (worn)
Comestibles
 e - a ration


   Skills:
 - Level 2.0 Dodging
 - Level 2.0 Stealth
 + Level 2.3 Spellcasting
   Level 1.0 Conjurations
 + Level 3.3 Ice Magic


You had 4 spell levels left.
You knew the following spells:

 Your Spells              Type           Power        Failure   Level  Hunger
a - Freeze                Ice            ##..         5%          1    #......

Your spell library contained the following spells:

 Spells                   Type           Power        Failure   Level  Hunger
 Throw Frost              Conj/Ice       #.....       14%         2    ###....
 Ozocubu's Armour         Chrm/Ice       #.......     32%         3    ###....
 Throw Icicle             Conj/Ice       #.......     65%         4    #####..
 Summon Ice Beast         Ice/Summ       #.......     73%         4    #####..


Dungeon Overview and Level Annotations

Branches:
Dungeon (1/15)

Altars:


Message History

The goblin misses you.
There is an open door here.
There's a creature in the doorway!
There is an open door here.
There's a creature in the doorway!
Your magical contamination has completely faded away.
There is an open door here.
Aim: a kobold, wielding a +0 club You freeze the kobold.
The kobold hits you but does no damage.
Aim: a kobold, wielding a +0 club You freeze the kobold.
You kill the kobold!
There is an open door here.
Things that are here:
a +0 club; a kobold corpse You barely miss the goblin.
The goblin closely misses you.
You closely miss the goblin. The goblin hits you.
You hit the goblin. The goblin barely misses you.
You hit the goblin but do no damage. The goblin barely misses you.
You barely miss the goblin. The goblin closely misses you.
You hit the goblin.
You kill the goblin!
You have reached level 2!
The hobgoblin hits you.
You closely miss the hobgoblin.
The hobgoblin hits you but does no damage.
You hit the hobgoblin but do no damage. The hobgoblin barely misses you.
You closely miss the hobgoblin. The hobgoblin misses you.
You closely miss the hobgoblin. The hobgoblin misses you.
You hit the hobgoblin. The hobgoblin hits you.
* * * LOW HITPOINT WARNING * * *
Aim: a hobgoblin (moderately wounded)
You freeze the hobgoblin. The hobgoblin closely misses you.
You barely miss the hobgoblin. The hobgoblin hits you.
* * * LOW HITPOINT WARNING * * *
You closely miss the hobgoblin. The hobgoblin closely misses you.
There is an open door here.
Aim: a hobgoblin (almost dead)
You freeze the hobgoblin.
You kill the hobgoblin!
The kobold throws a stone.
The stone hits you.
* * * LOW HITPOINT WARNING * * *
The kobold hits you with a +0 short sword.
* * * LOW HITPOINT WARNING * * *
You see here a stone.
You barely miss the kobold. The kobold misses you.
You barely miss the kobold. You barely miss the kobold.
The kobold hits you with a +0 short sword.
You die...

#### ####
##..##########..##
#...KK......#....#
#...@#.....)†...<#
##..##########..##
#### ##)# #..#
#..# #. #..# #..#
#.K# #..#. #..#
..... #..#


You could see 2 kobolds.

Vanquished Creatures
  A dart slug (D:1)
  A goblin (D:1)
  A hobgoblin (D:1)
  2 kobolds (D:1)
  A bat (D:1)
6 creatures vanquished.

Notes
Turn   | Place    | Note
-------+----------+-------------------------------------------
     0 | D:1      | MatthieuS the Human Ice Elementalist began the quest for
                  | the Orb.
     0 | D:1      | Reached XP level 1. HP: 13/13 MP: 3/3
    82 | D:1      | Reached XP level 2. HP: 15/19 MP: 0/5
   103 | D:1      | Slain by a kobold

Levels and vault maps discovered:
D:1:      sevenhm_arrival_forest_fort_large_4, layout_loops_ring

Action                   || total
-------------------------++-------
Melee: Unarmed           ||    23
 Cast: Freeze            ||     8
Armor: Robe              ||     3
Dodge: Dodged            ||    18

Table legend:
 A = Non-vault XP
 B = Vault XP
 C = Vault XP percentage of total XP
 D = Non-vault monster count
 E = Vault monster count
 F = Vault count percentage of total count
                 A         B        C        D         E       F
            +---------+---------+-------+---------+---------+-------
      Total |      12 |       0 |   0.0 |       6 |       0 |   0.0
            +---------+---------+-------+---------+---------+-------
        D:1 |      12 |       0 |   0.0 |       6 |       0 |   0.0
            +---------+---------+-------+---------+---------+-------
